 Dungeon Crawl Stone Soup version 0.27-a0-457-gba82baf56e (webtiles) character file.

Game seed: 4226322733752317141

5011 Nattfarinn the Arsonist (level 10, -9/79 HPs)
             Began as a Demonspawn Fire Elementalist on Feb 28, 2021.
             Was a Believer of Vehumet.
             Mangled by a polar bear (22 damage)
             ... on level 10 of the Dungeon.
             The game lasted 00:32:30 (12574 turns).

Nattfarinn the Arsonist (DsFE)                     Turns: 12574, Time: 00:32:30

Health: -9/79      AC:  6    Str: 19    XL:     10   Next: 29%
Magic:  1/15       EV: 12    Int: 29    God:    Vehumet [**....]
Gold:   298        SH:  0    Dex: 15    Spells: 6/16 levels left

rFire    . . .     SeeInvis .   w - +8 trident of Cacen {pain, rElec Will- Str+5 Int+4}
rCold    . . .     Faith    .   (no shield)
rNeg     . . .     Spirit   .   a - +0 robe
rPois    .         Reflect  .   y - +1 hat
rElec    +         Harm     .   (no cloak)
rCorr    .         Rampage  .   (no gloves)
Will     .....                  x - +0 pair of boots
Stlth    ++........             (no amulet)
HPRegen  0.23/turn              q - +6 ring of strength
MPRegen  0.14/turn              n - +6 ring of intelligence

@: about to teleport, very slightly contaminated
A: claws 2, iridescent scales 1, demonic magic 1
a: Renounce Religion


You were on level 10 of the Dungeon.
You worshipped Vehumet.
Vehumet was pleased with you.
You visited 2 branches of the dungeon, and saw 11 of its levels.

You collected 298 gold pieces.

Inventory:

Hand Weapons
 w - the +8 trident of Cacen (weapon) {pain, rElec Will- Str+5 Int+4}
   (You found it on level 5 of the Dungeon)

   In the hands of one skilled in necromantic magic, it inflicts extra damage on
   living creatures.
   It affects your strength (+5).
   It affects your intelligence (+4).
   It insulates you from electricity.
   It affects your willpower, your defense against some magical effects.
Armour
 a - a +0 robe (worn)
 x - a +0 pair of boots (worn)
 y - a +1 hat (worn)
Jewellery
 j - a ring of flight
 n - a +6 ring of intelligence (right claw)
 q - a +6 ring of strength (left claw)
 D - a ring of protection from fire
 G - a ring of wizardry
Wands
 B - a wand of iceblast (10)
 F - a wand of mindburst (3)
 H - a wand of random effects (6)
 I - a wand of flame (19)
Scrolls
 b - a scroll of summoning {unknown}
 c - 5 scrolls of amnesia
 d - 9 scrolls of teleportation
 e - 2 scrolls of magic mapping {unknown}
 f - 4 scrolls of enchant armour {unknown}
 m - 2 scrolls of random uselessness {unknown}
 o - 3 scrolls of fear {unknown}
 s - a scroll of noise {unknown}
 u - a scroll of holy word {unknown}
 v - a scroll of fog {unknown}
 C - a scroll of enchant weapon {unknown}
Potions
 g - a potion of curing
 h - a potion of flight {unknown}
 i - 2 potions of invisibility {unknown}
 k - 3 potions of brilliance
 l - 2 potions of might {unknown}
 p - 3 potions of attraction
 r - a potion of mutation {unknown}
 t - 3 potions of berserk rage
 z - 2 potions of heal wounds
 A - a potion of haste
 E - 2 potions of cancellation {unknown}


   Skills:
 * Level 7.6 Fighting
 - Level 1.7 Dodging
 - Level 1.7 Stealth
 - Level 3.7 Spellcasting
 - Level 5.0 Conjurations
 - Level 11.0 Fire Magic


You had 6 spell levels left.
You knew the following spells:

 Your Spells              Type           Power        Failure   Level
a - Foxfire               Conj/Fire      100%         1%          1
b - Sticky Flame          Conj/Fire      51%          2%          4
c - Fireball              Conj/Fire      25%          8%          5

Your spell library contained the following spells:

 Spells                   Type           Power        Failure   Level
 Sandblast                Erth           10%          7%          1
 Magic Dart               Conj           100%         1%          1
 Conjure Flame            Conj/Fire      51%          1%          3
 Inner Flame              Hex/Fire       37%          2%          3
 Blink                    Tloc           N/A          11%         2
 Call Imp                 Summ           5%           11%         2
 Slow                     Hex            5%           11%         2
 Mephitic Cloud           Conj/Pois/Air  15%          11%         3


Dungeon Overview and Level Annotations

Branches:
Dungeon (10/15)            Temple (1/1) D:4            Lair (0/6) D:9
    Orc (0/2) D:9

Altars:
Ashenzari
Cheibriados
Dithmenos
Elyvilon
Fedhas
Gozag
Hepliaklqana
Kikubaaqudgha
Makhleb
Nemelex Xobeh
Okawaru
Qazlal
Ru
Sif Muna
Trog
Uskayaw
Vehumet
Wu Jian
Xom
Yredelemnul
Zin
The Shining One

Shops:
D:9 (

Annotations:
D:4 3 runed translucent doors, anet's ghost, amateur GnHu
D:8 Harold; Joseph; Maggie


Innate Abilities, Weirdness & Mutations

You have very sharp fingernails.
You are partially covered in iridescent scales. (AC +2)
Spells you cast may paralyse adjacent enemies.


Message History

The polar bear is severely wounded.
The polar bear burns!
The polar bear barely misses you. The polar bear completely misses you.
The polar bear barely misses you. x2
The polar bear closely misses you. x2
Unknown command.
Unknown command.
The polar bear burns!
The polar bear stops burning.
The polar bear bites you but does no damage.
The polar bear claws you. The polar bear barely misses you.
The polar bear bites you!
* * * LOW HITPOINT WARNING * * *
The polar bear closely misses you. The polar bear misses you.
Unknown command.
Casting: Sticky Flame (dangerous; 2% risk of failure)
Confirm with . or Enter, or press ? or * to list all spells.
Aiming: Sticky Flame (dangerous; 2% risk of failure)
Press: ? - help, Shift-Dir - straight line, f/p - polar bear
Aim: a polar bear (almost dead, berserk, 0% to evade)
You miscast Sticky Flame.
You are very lightly contaminated with residual magic.
Nothing appears to happen.
The polar bear bites you!
* * * LOW HITPOINT WARNING * * *
The polar bear barely misses you. The polar bear closely misses you.
The polar bear misses you. x2
The polar bear claws you but does no damage.
Unknown command.
Unknown command.
Okay, then.
It was a potion of heal wounds.
You feel much better. The polar bear bites you!
* * * LOW HITPOINT WARNING * * *
The polar bear misses you. The polar bear barely misses you.
The polar bear rages.
The polar bear barely misses you.
The polar bear claws you but does no damage.
The polar bear claws you.
* * * LOW HITPOINT WARNING * * *
As you read the scroll of teleportation, it crumbles to dust.
You feel strangely unstable. The polar bear bites you!!
You die...

......# #..#.#
#....# #....# #
#....### .#
#...Y###..#
#.##.#....#
#.##hc....+
#...@#....#
#.[..############
#+###......#....#
#...##.'....#
#...##.#..###
+......#..#####
######'#......#
#............#
#.........(..#


You could see a polar bear (berserk), an ice beast and a centaur.

Vanquished Creatures
  A death yak (D:9)
  A cyclops (D:9)
  An elephant (D:9)
  A centaur zombie (D:9)
  5 yaks (D:9)
  A warg (D:8)
  4 orc warriors
  A sky beast (D:10)
  2 black bears (D:9)
  2 ice beasts (D:5)
  An ogre (D:9)
  5 centaurs
  2 bullfrogs (D:7)
  A killer bee (D:9)
  4 orc priests
  5 hounds
  A quasit (D:7)
  2 iguanas
  14 orc wizards
  5 worker ants
  A hound skeleton (D:5)
  A worker ant zombie (D:9)
  14 adders
  A gnoll (D:6)
  A shadow imp (D:7)
  A white imp (D:8)
  4 dart slugs
  4 leopard geckos
  23 orcs
  2 bats (D:2)
  4 giant cockroaches
  4 goblins (D:1)
  6 hobgoblins
  7 jackals
  9 kobolds
  4 quokkas
  A ball python (D:2)
  8 frilled lizards
  A jackal skeleton (D:6)
  A leopard gecko skeleton (D:6)
  A leopard gecko zombie (D:7)
  A quokka skeleton (D:8)
  A quokka zombie (D:5)
  2 rats
161 creatures vanquished.

Vanquished Creatures (collateral kills)
  5 foxfires (D:4)
5 creatures vanquished.

Vanquished Creatures (others)
  An ufetubus (D:8)
  666 foxfires
  2 fungi (D:9)
669 creatures vanquished.

Grand Total: 835 creatures vanquished

Notes
Turn   | Place    | Note
-------+----------+-------------------------------------------
     0 | D:1      | Nattfarinn the Demonspawn Fire Elementalist began the quest
                  | for the Orb.
     0 | D:1      | Reached XP level 1. HP: 13/13 MP: 3/3
   380 | D:1      | Gained mutation: Spells you cast may paralyse adjacent
                  | enemies. [demonic ancestry]
   380 | D:1      | Reached XP level 2. HP: 19/19 MP: 3/5
   825 | D:1      | Reached XP level 3. HP: 24/24 MP: 4/6
  2263 | D:3      | Found a snail-covered altar of Cheibriados.
  2269 | D:3      | Reached XP level 4. HP: 30/30 MP: 3/8
  2918 | D:3      | Found an opulent altar of Gozag.
  3780 | D:4      | Gained mutation: You are partially covered in iridescent
                  | scales. (AC +2) [demonic ancestry]
  3780 | D:4      | Reached XP level 5. HP: 35/35 MP: 2/9
  3921 | D:4      | Found a staircase to the Ecumenical Temple.
  4037 | Temple   | Entered the Ecumenical Temple
  4150 | D:4      | Found a runed translucent gate.
  4150 | D:4      | Found a runed translucent gate.
  4151 | D:4      | Found a runed translucent gate.
  4151 | D:4      | Noticed anet's ghost (amateur GnHu)
  4152 | D:4      | Identified the +7 rapier "Wapogoz" {drain, Will+}
  4827 | D:4      | Reached skill level 5 in Conjurations
  4827 | D:4      | Reached XP level 6. HP: 41/41 MP: 4/11
  5410 | D:5      | Entered Level 5 of the Dungeon
  5418 | D:5      | Noticed an ice beast
  5424 | D:5      | Killed an ice beast
  5425 | D:5      | Reached skill level 3 in Fire Magic
  5549 | D:5      | Reached skill level 4 in Fire Magic
  5674 | D:5      | Noticed an ice beast
  5750 | D:5      | Reached XP level 7. HP: 46/46 MP: 6/12
  5813 | D:5      | Found a sparkling altar of Nemelex Xobeh.
  6189 | D:5      | Reached skill level 5 in Fire Magic
  6375 | D:5      | Identified the +8 trident of Cacen {pain, rElec Will- Str+5
                  | Int+4}
  7023 | D:6      | Found a bloodstained altar of Trog.
  7023 | D:6      | Found an iron altar of Okawaru.
  7346 | D:6      | Reached skill level 6 in Fire Magic
  7467 | D:6      | Found a shadowy altar of Dithmenos.
  7973 | D:6      | Found an ancient bone altar of Kikubaaqudgha.
  8012 | D:6      | Found a shimmering blue altar of Sif Muna.
  8051 | D:6      | Found a radiant altar of Vehumet.
  8060 | D:6      | Became a worshipper of Vehumet
  8201 | D:7      | Reached XP level 8. HP: 45/52 MP: 8/13
  8253 | D:7      | Reached skill level 7 in Fire Magic
  8310 | D:7      | Learned a level 4 spell: Sticky Flame
  8692 | D:7      | Reached skill level 8 in Fire Magic
  8804 | D:7      | Learned a level 5 spell: Fireball
  8858 | D:7      | Found a shimmering altar of Xom.
  8858 | D:7      | Found a shimmering altar of Xom.
  8858 | D:7      | Found a shimmering altar of Xom.
  8915 | D:7      | Found a shimmering altar of Xom.
  8915 | D:7      | Found a shimmering altar of Xom.
  8916 | D:7      | Found a shimmering altar of Xom.
  8925 | D:7      | Found a shimmering altar of Xom.
  9152 | D:8      | Noticed Joseph
  9295 | D:8      | Noticed Harold
  9671 | D:8      | Noticed Maggie
  9930 | D:8      | Reached skill level 9 in Fire Magic
  9939 | D:8      | Reached * piety under Vehumet
  9939 | D:8      | Offered knowledge of Shock by Vehumet.
 10197 | D:9      | Noticed a cyclops
 10265 | D:9      | Killed a cyclops
 10266 | D:9      | Gained mutation: You have sharp fingernails. [demonic
                  | ancestry]
 10266 | D:9      | Reached XP level 9. HP: 57/57 MP: 9/14
 10301 | D:9      | Found a staircase to the Orcish Mines.
 10330 | D:9      | Found Syxtyvvu's Weapon Shoppe.
 10338 | D:9      | Reached skill level 10 in Fire Magic
 10764 | D:9      | Reached skill level 11 in Fire Magic
 10979 | D:9      | Reached skill level 1 in Fighting
 10984 | D:9      | Noticed an elephant
 11162 | D:9      | Found a staircase to the Lair.
 11163 | D:9      | Noticed a death yak
 11245 | D:9      | Killed a death yak
 11246 | D:9      | Reached skill level 5 in Fighting
 11699 | D:9      | Gained mutation: You have very sharp fingernails. [demonic
                  | ancestry]
 11699 | D:9      | Reached XP level 10. HP: 50/76 MP: 5/15
 11719 | D:9      | Offered knowledge of Sandblast by Vehumet.
 12093 | D:9      | Killed an elephant
 12275 | D:10     | Entered Level 10 of the Dungeon
 12514 | D:10     | Reached ** piety under Vehumet
 12571 | D:10     | HP: 2/79 [polar bear (17)]
 12574 | D:10     | Mangled by a polar bear

Illustrated notes

Levels and vault maps discovered:
D:1:      dpeg_arrival_refuge, layout_loops_ring, chequers_garden
D:2:      layout_loops_ring
D:3:      layout_basic, minitemple
D:4:      layout_layer_cave, minmay_temple_entry_overgrown,
          gammafunk_ghost_nasty_kobolds
D:5:      layout_rooms, serial_curves, eino_curves_03, eino_curves_03,
          basic_altar
D:6:      layout_basic, grunt_temple_overflow_bloody_war,
          palyth_temple_overflow_mages, kennysheep_little_box,
          patterned_corridor
D:7:      layout_rooms, xom_redecorated
D:8:      layout_loops_ring, basic_altar, uniq_joseph, uniq_maggie, uniq_harold
D:9:      layout_roguey, david_lair_generic, david_orc_3, serial_shops, shop
D:10:     layout_stronghold, serial_ice, serial_ice_a, serial_ice_g,
          serial_ice_m, serial_ice_f, serial_ice_l, serial_ice_o
Temple:   jpeg_temple_clearing

Skill      XL: |  1  2  3  4  5  6  7  8  9 10 |
---------------+-------------------------------+-----
Conjurations   | 2 3 4 5 |  5.0
Spellcasting   | 3 |  3.7
Fire Magic     | 4 6 9 11 | 11.0
Fighting       | 6 7 |  7.6
Dodging        | |  1.7
Stealth        | |  1.7

Action                   |  1- 3 |  4- 6 |  7- 9 | 10-12 || total
-------------------------+-------+-------+-------+-------++-------
Melee: Unarmed           |     6 |     4 |       |       ||    10
       Trident           |       |       |    49 |    16 ||    65
 Cast: Foxfire           |    76 |   117 |   217 |    19 ||   429
       Sticky Flame      |       |       |    19 |    11 ||    30
       Fireball          |       |       |     2 |       ||     2
Evoke: Wand              |       |       |     6 |     2 ||     8
  Use: Scroll            |       |     3 |     7 |     1 ||    11
       Potion            |       |       |     3 |     1 ||     4
 Stab: Paralysed         |       |     2 |    14 |     8 ||    24
       Sleeping          |       |       |       |     1 ||     1
Armor: Robe              |     5 |     3 |    29 |     8 ||    45
Dodge: Dodged            |    14 |     6 |    53 |    33 ||   106

Table legend: (Time is in decaauts)
 A = Elapsed time spent in this place.
 B = Non-inter-level travel time spent in this place.
 C = Inter-level travel time spent in this place.
 D = Time resting spent in this place.
 E = Time spent auto-exploring this place.
 F = Levels seen in this place.
 G = Mean time per level.
                   A        B        C        D        E       F      G
               +--------+--------+--------+--------+--------+-----+--------+
         Total |  12598 |  12021 |    577 |   3180 |   7583 |  11 | 1145.3 |
       Dungeon |  12516 |  11953 |    563 |   3180 |   7515 |  10 | 1251.6 |
        Temple |     82 |     68 |     14 |      0 |     68 |   1 |   82.0 |
               +--------+--------+--------+--------+--------+-----+--------+

Top non-repeatable levels by time:
     D:9: 2140 daAuts
     D:4: 1787 daAuts
     D:3: 1598 daAuts
     D:6: 1331 daAuts
     D:7: 1306 daAuts
     D:1: 1302 daAuts
     D:5: 1225 daAuts
     D:2: 866 daAuts
     D:8: 733 daAuts
    D:10: 224 daAuts
  Temple: 82 daAuts
